 Dungeon Crawl Stone Soup version 0.29-a0-317-gd16b76e6b1 (webtiles) character file.

Game seed: 13184836478671572826

123591 Ge0ff the Stormcaller (level 16, -4/96 HPs)
             Began as a Tengu Cinder Acolyte on Mar 29, 2022.
             Was a High Priest of Okawaru.
             Slain by a tengu warrior
             ... wielding a +0 glaive
              (13 damage)
             ... on level 14 of the Dungeon on Mar 30, 2022.
             The game lasted 01:20:04 (35467 turns).

Ge0ff the Stormcaller (Tengu Cinder Acolyte)       Turns: 35467, Time: 01:20:05

Health: -4/96      AC: 10    Str: 16    XL:     16   Next: 90%
Magic:  5/27       EV: 14    Int: 33    God:    Okawaru [*****.]
Gold:   577        SH:  6    Dex: 10    Spells: 0/29 levels left

rFire   . . .      SeeInvis .   a - staff of conjuration
rCold   . . .      Faith    .   e - +1 buckler {AC+3}
rNeg    . . .      Spirit   .   Q - +0 leather armour {Will+}
rPois   .          Reflect  .   (helmet restricted)
rElec   .          Harm     .   A - +0 cloak
rCorr   .          Rampage  .   c - +2 pair of gloves
Will    ++...                   (boots unavailable)
Stlth   +.........              P - amulet of magic regeneration
HPRegen 0.26/turn               u - +6 ring of intelligence
MPRegen 0.60/turn               O - +6 ring of intelligence {=R}

@: lethally poisoned (-4 -> -6), flying quickly and evasively, quick
A: beak, talons 3, nimble flight
a: Renounce Religion, Heroism, Finesse, Duel


You were on level 14 of the Dungeon.
You worshipped Okawaru.
Okawaru was extremely pleased with you.
You visited 3 branches of the dungeon, and saw 22 of its levels.
You also visited: Sewer and Ossuary.

You collected 1666 gold pieces.
You spent 1089 gold pieces at shops.

Inventory:

Hand Weapons
 b - a +4 rapier of flaming
 r - a +2 dagger of distortion
Missiles
 v - 4 curare-tipped darts {=F}
 D - 2 boomerangs (quivered)
Armour
 c - a +2 pair of gloves (worn)
 e - a +1 buckler of protection (worn)
 g - a +2 scale mail of willpower
 n - the +1 buckler "Goep" {rN+}
   (Okawaru gifted it to you on level 13 of the Dungeon)

   rN:        It protects you from negative energy.
 s - a scarf of resistance
 A - a +0 cloak (worn)
 Q - a +0 leather armour of willpower (worn)
 U - a +0 troll leather armour
 X - the +1 robe of Bonk {rPois rN+ Int-2 Dex+6}
   (You found it on level 10 of the Dungeon)

   Int:       It affects your intelligence (-2).
   Dex:       It affects your dexterity (+6).
   rPois:     It protects you from poison.
   rN:        It protects you from negative energy.
 Z - a +2 robe of resistance
Magical Staves
 a - a staff of conjuration (weapon)
Jewellery
 u - a +6 ring of intelligence (left hand)
 w - a ring of magical power
 E - a +4 ring of evasion
 G - a ring of protection from cold
 N - a ring of fire
 O - a +6 ring of intelligence (right hand) {=R}
 P - an amulet of magic regeneration (around neck)
 Y - a +4 ring of protection
Wands
 d - a wand of digging (7)
 f - a wand of flame (90)
 j - a wand of acid (5)
 k - a wand of iceblast (6)
 p - a wand of paralysis (8)
Scrolls
 i - 3 scrolls of identify
 l - a scroll of enchant armour
 m - 2 scrolls of magic mapping
 x - a scroll of brand weapon
 y - 3 scrolls of immolation
 B - 2 scrolls of blinking
 C - 7 scrolls of enchant weapon
 F - a scroll of fog
 J - 2 scrolls of silence {!r}
 T - 8 scrolls of teleportation
 V - 6 scrolls of vulnerability
Potions
 h - 2 potions of mutation {!q}
 o - 6 potions of ambrosia
 q - 11 potions of curing
 z - 6 potions of brilliance
 H - 6 potions of haste {!q}
 I - 5 potions of invisibility
 K - a potion of magic {!q}
 L - 2 potions of lignification
 M - 2 potions of might
 R - 2 potions of resistance
 W - 6 potions of heal wounds {!q}
Miscellaneous
 t - a tin of tremorstones (inert)


   Skills:
 - Level 9.0 Fighting
 - Level 3.2 Short Blades
 - Level 4.0 Armour
 - Level 5.0 Dodging
 - Level 1.0 Stealth
 - Level 5.0 Shields
 - Level 7.0 Spellcasting
 + Level 14.4 Conjurations
 - Level 5.0 Hexes
 - Level 7.0 Translocations
 - Level 7.0 Transmutations
 + Level 12.8 Fire Magic
 + Level 16.6 Air Magic
 + Level 9.1 Poison Magic
 + Level 2.6 Evocations


You couldn't memorise any spells.
You knew the following spells:

 Your Spells              Type           Power      Damage    Failure   Level
c - Blink                 Tloc           100%       N/A       1%          2
f - Mephitic Cloud        Conj/Pois/Air  100%       N/A       1%          3
i - Ignite Poison         Fire/Tmut/Pois 66%        N/A       1%          3
j - Inner Flame           Hex/Fire       63%        N/A       1%          3
m - Iskenderun's Mystic   Conj/Tloc      89%        2d17      1%          4
s - Starburst             Conj/Fire      50%        6d14      3%          6
v - Poisonous Vapours     Pois/Air       100%       N/A       1%          2
C - Airstrike             Air            44%        N/A       1%          4
E - Scorch                Fire           100%       2d10      1%          2

Your spell library contained the following spells:

 Spells                   Type           Power      Damage    Failure   Level
 Shock                    Conj/Air       100%       1d9       0%          1
 Foxfire                  Conj/Fire      100%       2x1d9     1%          1
 Slow                     Hex            100%       N/A       1%          1
 Corpse Rot               Necr/Air       100%       N/A       1%          2
 Conjure Flame            Conj/Fire      100%       6-21      1%          3
 Dazzling Flash           Conj/Hex       100%       N/A       1%          3
 Lesser Beckoning         Tloc           55%        N/A       1%          3
 Swiftness                Air            89%        N/A       1%          3
 Fulminant Prism          Conj/Hex       42%        3d20      1%          4
 Sticky Flame             Conj/Fire      100%       2d11      1%          4
 Silence                  Hex/Air        35%        N/A       1%          5
 Confusing Touch          Hex            44%        N/A       2%          3
 Freezing Cloud           Conj/Ice/Air   44%        6-21      2%          5
 Passage of Golubria      Tloc           55%        N/A       3%          4
 Cause Fear               Hex            22%        N/A       8%          4
 Manifold Assault         Tloc           55%        N/A       10%         5
 Petrify                  Tmut/Erth      34%        N/A       14%         4
 Vampiric Draining        Necr           11%        2d6       19%         3
 Eringya's Noxious Bog    Tmut/Pois      29%        N/A       34%         6
 Storm Form               Tmut/Air       37%        N/A       36%         7
 Metabolic Englaciation   Hex/Ice        14%        N/A       52%         5
 Lee's Rapid Deconstruct  Erth           5%         3d7*      86%         5
 Statue Form              Tmut/Erth      22%        N/A       91%         6
 Discord                  Hex            22%        N/A       100%        8
 Lehudib's Crystal Spear  Conj/Erth      36%        10d9      100%        8
 Polar Vortex             Ice            5%         N/A       100%        9
 Summon Forest            Summ/Tloc      Unusable   N/A       N/A         5
 Animate Dead             Necr           Unusable   N/A       N/A         4
 Simulacrum               Ice/Necr       Unusable   N/A       N/A         6
 Haunt                    Necr/Summ      Unusable   N/A       N/A         7
 Summon Hydra             Summ           Unusable   N/A       N/A         7
 Infestation              Necr           Unusable   N/A       N/A         8

Dungeon Overview and Level Annotations

Branches:
Dungeon (15/15)            Temple (1/1) D:6            Lair (6/6) D:8
 Shoals (0/4) Lair:2       Spider (0/4) Lair:4        Slime (0/5) Lair:6
    Orc (0/2) D:12         Vaults (0/5) D:13          Sewer (visited)
Ossuary (visited)
 Depths: D:15

Altars:
Ashenzari
Cheibriados
Dithmenos
Elyvilon
Fedhas
Gozag
Hepliaklqana
Kikubaaqudgha
Makhleb
Nemelex Xobeh
Okawaru
Qazlal
Ru
Sif Muna
Trog
Uskayaw
Vehumet
Wu Jian
Xom
Yredelemnul
Zin
The Shining One

Shops:
D:1 !   D:9 ?![


Innate Abilities, Weirdness & Mutations

You have a beak for a mouth.
You have claws for feet.
Your magical nature lets you fly swiftly and evasively.


Message History

The boulder beetle is severely wounded.
You feel sick.
The boulder beetle leaps!
The tengu warrior hits you from afar with a +0 glaive.
Casting: Starburst (dangerous; 3% risk of failure)
Confirm with . or Enter, or press ? or * to list all spells.
Casting: Starburst (dangerous; 3% risk of failure)
Press: ? - help, Dir - look around, f - activate You feel a surge of power!
The bolt of fire misses the tengu warrior.
The bolt of fire hits the basilisk!!
You kill the basilisk!
Okawaru accepts your kill.
You feel sick.
You hear an angry buzzing noise.
The tengu warrior throws a poisoned dart.
The poisoned dart closely misses you.
Casting: Starburst (dangerous; 3% risk of failure)
Confirm with . or Enter, or press ? or * to list all spells.
Casting: Starburst (dangerous; 3% risk of failure)
Press: ? - help, Dir - look around, f - activate You feel a surge of power!
The bolt of fire hits the wolf spider!!!
The wolf spider is almost dead.
The bolt of fire misses the tengu warrior.
The bolt of fire hits the ice dragon!!!!
The ice dragon is burned terribly!
The ice dragon is almost dead.
You feel sick.
The tengu warrior hits you from afar with a +0 glaive.
The wolf spider is engulfed in blazing flames.
You kill the wolf spider!
Okawaru accepts your kill.
A fire giant comes into view.
It is wielding a +2 great sword of flaming.
The centaur warrior wields a +0 shortbow.
The centaur warrior shoots an arrow.
The arrow hits you!
* * * LOW HITPOINT WARNING * * *
The tengu warrior closely misses you.
Casting: Starburst (dangerous; 3% risk of failure)
Confirm with . or Enter, or press ? or * to list all spells.
Casting: Starburst (dangerous; 3% risk of failure)
Press: ? - help, Dir - look around, f - activate You feel a surge of power!
The bolt of fire misses the tengu warrior.
The bolt of fire hits the ice dragon!!!
The ice dragon is burned terribly!
You kill the ice dragon!
Okawaru accepts your kill.
You feel sick.
The centaur warrior shoots an arrow.
The arrow hits you!
* * * LOW HITPOINT WARNING * * *
The tengu warrior hits you from afar with a +0 glaive!
You die...

### #....# ###'### ##.##
##...###.....##
#...####....#...C...#
##.##.......#.......#
##.#........##○....
....#..#.#..≈###'###
##....###......cQ..####
.#...........).)§§..#.##
##..............@......#
#..............#....#.##
#.....#.....B.#......##
....................##
....................#
............^^^.....####
............._^.....##.##
....(.......^^^.....#...#
.......................##


You could see a fire giant, a boulder beetle, a tengu warrior (fast) and a
centaur warrior.

Vanquished Creatures
  A fire giant (D:12)
  Nessos (D:13)
  2 dire elephants (Lair:6)
  An ettin (D:12)
  Fannar (Lair:1)
  7 hydras
  3 boulder beetles
  An ice dragon (D:14)
  2 two-headed ogres (D:10)
  2 centaur warriors
  2 dancing weapons (D:13)
  A death knight (D:14)
  A catoblepas (Lair:6)
  16 death yaks
  A tengu warrior (D:11)
  Sonja (D:11)
  2 skeletal warriors (D:14)
  A spectral death yak (Lair:6)
  The ghost of bmj180 the Artisan of Death, a novice DsNe of Kikubaaqudgha (D:7)
  A spectral anaconda (Lair:6)
  An obsidian statue (Lair:6)
  A lindwurm (Lair:3)
  7 deep elf pyromancers
  An oklob plant (Lair:6)
  13 ugly things
  3 necromancers (Lair:6)
  A wolf spider (D:14)
  2 manticores (D:13)
  16 cyclopes
  Maurice (D:9)
  23 elephants
  A black mamba (shapeshifter) (D:13)
  A torpor snail (Lair:2)
  2 gargoyles
  An unseen horror (D:5)
  10 black mambas
  3 dire elephant skeletons (Lair:6)
  17 cane toads
  6 rime drakes
  10 komodo dragons
  2 freezing wraiths
  An efreet (D:14)
  3 polar bears
  22 blink frogs
  A meliai (shapeshifter) (D:14)
  Grinder (D:4)
  4 trolls
  6 dream sheep (Lair:6)
  A snapping turtle (shapeshifter) (D:8)
  A spectral elephant (Lair:6)
  A centaur simulacrum (D:15)
  4 wraiths
  8 wyverns
  56 yaks
  8 basilisks
  2 steam dragons
  4 vampire mosquitoes (D:12)
  Menkaure (D:4)
  A death yak simulacrum (Lair:6)
  15 fire elementals
  8 wargs (D:12)
  2 acid dragons
  18 water moccasins
  4 ice beasts
  An elephant zombie (Lair:6)
  8 orc warriors
  2 sky beasts
  7 black bears
  An elephant skeleton (Lair:6)
  18 wolves
  20 centaurs
  5 kobold brigands
  3 phantoms
  Blork the orc (D:5)
  2 necrophages
  14 bullfrogs
  A gnoll sergeant (D:7)
  2 cane toad simulacra (Lair:6)
  3 scorpions
  7 wights (D:7)
  14 killer bees
  An elephant simulacrum (Lair:6)
  4 howler monkeys
  2 electric eels (D:10)
  6 orc priests
  14 jellies (Lair:6)
  Crazy Yiuf (D:4)
  A hound (D:5)
  Jessica (D:3)
  5 merfolk sirens
  12 orc wizards
  6 hell rats (Lair:6)
  A merfolk avatar (Sewer)
  4 mummies (Ossuary)
  Robin (D:4)
  4 gnolls (D:8)
  4 river rats (Sewer)
  10 adders
  4 white imps
  An ufetubus (D:3)
  A worm (D:4)
  2 dart slugs
  43 orcs
  6 ball pythons
  7 endoplasms
  5 giant cockroaches
  7 gnoll zombies (Ossuary)
  11 goblins
  7 hobgoblins
  28 kobolds
  7 quokkas
  A bat (D:3)
  11 frilled lizards
  3 gnoll skeletons (Ossuary)
  3 goblin skeletons (Ossuary)
  A goblin zombie (Ossuary)
  3 hobgoblin skeletons (Ossuary)
  2 hobgoblin zombies (Ossuary)
  6 kobold skeletons (Ossuary)
  3 kobold zombies (Ossuary)
  4 orc skeletons (Ossuary)
  5 orc zombies (Ossuary)
  31 rats
  6 rat skeletons (Ossuary)
  7 rat zombies (Ossuary)
  A withered plant (Lair:6)
744 creatures vanquished.

Vanquished Creatures (others)
  A bush (Lair:6)
  55 fungi
  87 plants
  23 withered plants (Lair:6)
166 creatures vanquished.

Grand Total: 910 creatures vanquished

Notes
Turn   | Place    | Note
-------+----------+-------------------------------------------
     0 | D:1      | Ge0ff the Tengu Cinder Acolyte began the quest for the Orb.
     0 | D:1      | Reached XP level 1. HP: 14/14 MP: 3/3
    57 | D:1      | Reached skill level 1 in Stealth
    69 | D:1      | Reached XP level 2. HP: 14/19 MP: 4/4
    72 | D:1      | Learned a level 2 spell: Scorch
   145 | D:1      | Found a faded altar of an unknown god.
   275 | D:1      | Found Eroyf's Distillery.
  1230 | D:2      | Found a hide-covered altar of Uskayaw.
  1238 | D:2      | Reached XP level 3. HP: 23/23 MP: 1/6
  1976 | D:2      | Reached XP level 4. HP: 28/28 MP: 5/8
  2265 | D:3      | Found a glowing drain.
  2269 | Sewer    | Entered a sewer
  2708 | Sewer    | Gained mutation: Your magical nature lets you fly swiftly
                  | and evasively. [Tengu growth]
  2708 | Sewer    | Reached XP level 5. HP: 32/32 MP: 5/10
  2859 | Sewer    | Reached skill level 5 in Fire Magic
  3162 | Sewer    | Noticed a malarious merfolk avatar
  3195 | Sewer    | Killed a malarious merfolk avatar
  4004 | D:3      | Noticed Jessica
  4007 | D:3      | Killed Jessica
  4008 | D:3      | Reached XP level 6. HP: 37/37 MP: 8/11
  4046 | D:3      | Reached skill level 1 in Armour
  4046 | D:3      | Reached skill level 1 in Dodging
  4226 | D:3      | Learned a level 2 spell: Blink
  4672 | D:3      | Found a white marble altar of Elyvilon.
  4719 | D:3      | Found a snail-covered altar of Cheibriados.
  4719 | D:3      | Found a glowing golden altar of the Shining One.
  5078 | D:4      | Noticed Robin
  5154 | D:4      | Reached skill level 1 in Translocations
  5235 | D:4      | Killed Robin
  5623 | D:4      | Noticed Grinder
  5627 | D:4      | Killed Grinder
  5628 | D:4      | Reached XP level 7. HP: 41/41 MP: 3/12
  6325 | D:4      | Noticed Menkaure
  6329 | D:4      | Killed Menkaure
  6443 | D:4      | Found a runed translucent door.
  6444 | D:4      | Noticed Crazy Yiuf
  6471 | D:4      | Killed Crazy Yiuf
  6546 | D:5      | Entered Level 5 of the Dungeon
  6762 | D:5      | Killed an unseen horror
  6763 | D:5      | Reached XP level 8. HP: 28/47 MP: 6/15
  6763 | D:5      | Found a glowing silver altar of Zin.
  7092 | D:5      | Noticed Blork the orc
  7097 | D:5      | Killed Blork the orc
  7530 | D:5      | Reached skill level 5 in Spellcasting
  7579 | D:5      | Identified the +6 war axe of Thoughtfulness {antimagic, rC+
                  | Int+6}
  7986 | D:6      | Learned a level 4 spell: Airstrike
  8001 | D:6      | Found a sand-covered staircase.
  8014 | D:6      | Reached skill level 1 in Air Magic
  8014 | D:6      | Reached XP level 9. HP: 44/53 MP: 7/17
  8017 | D:6      | Reached skill level 2 in Air Magic
  8074 | Ossuary  | Entered an ossuary
  8602 | D:6      | Reached skill level 5 in Fighting
  8606 | D:5      | Reached skill level 3 in Air Magic
  8760 | D:6      | Found an ornate altar of the Wu Jian Council.
  8837 | D:6      | Reached skill level 4 in Air Magic
  9032 | D:6      | Found a staircase to the Ecumenical Temple.
  9042 | D:6      | Reached skill level 5 in Dodging
  9223 | D:6      | Reached skill level 5 in Air Magic
  9413 | D:7      | Reached skill level 6 in Air Magic
  9606 | D:7      | Learned a level 3 spell: Inner Flame
  9671 | D:7      | Reached skill level 7 in Air Magic
  9739 | D:7      | Reached skill level 1 in Hexes
  9750 | D:7      | Reached XP level 10. HP: 59/59 MP: 12/20
  9803 | D:7      | Noticed bmj180's ghost (novice DsNe)
  9899 | D:7      | Noticed a gargoyle
  9914 | D:7      | Found a transporter.
  9965 | D:7      | Found a transporter.
 10173 | D:7      | Reached skill level 8 in Air Magic
 10411 | D:8      | Learned a level 4 spell: Iskenderun's Mystic Blast
 10552 | D:8      | Reached skill level 1 in Conjurations
 10872 | D:8      | Found a staircase to the Lair.
 10872 | D:8      | Noticed an elephant
 12021 | D:8      | Killed an elephant
 12022 | D:8      | Reached skill level 9 in Air Magic
 13255 | D:9      | Noticed Maurice
 13263 | D:9      | Killed Maurice
 13352 | D:9      | Found a shimmering blue altar of Sif Muna.
 13465 | D:9      | Found Emucot's Magic Scroll Shop.
 13475 | D:9      | Bought a scroll of blinking for 105 gold pieces
 13475 | D:9      | Bought 3 scrolls of identify for 84 gold pieces
 13590 | D:9      | Reached XP level 11. HP: 43/63 MP: 11/22
 13769 | D:9      | Found Mesadghiz's Armour Shoppe.
 13830 | D:9      | Reached skill level 10 in Air Magic
 13884 | D:9      | Found a burning altar of Makhleb.
 13927 | D:9      | Found a sparkling altar of Nemelex Xobeh.
 14281 | D:9      | Found Xoasakoz's Distillery.
 14363 | D:10     | Entered Level 10 of the Dungeon
 14372 | D:10     | Noticed a two-headed ogre
 14376 | D:10     | Killed a two-headed ogre
 14474 | D:10     | Identified the +1 robe of Bonk {rPois rN+ Int-2 Dex+6}
 14604 | D:10     | Noticed a two-headed ogre
 14611 | D:10     | Killed a two-headed ogre
 14612 | D:10     | Reached skill level 5 in Conjurations
 15376 | D:11     | Noticed an eight-headed hydra
 15380 | D:11     | Killed an eight-headed hydra
 15516 | D:11     | Reached skill level 11 in Air Magic
 16396 | D:11     | Noticed a tengu warrior
 16400 | D:11     | Killed a tengu warrior
 16546 | D:11     | Noticed Sonja
 16548 | D:11     | Killed Sonja
 16549 | D:11     | Reached skill level 1 in Shields
 16549 | D:11     | Reached skill level 10 in Fire Magic
 16549 | D:11     | Reached XP level 12. HP: 68/68 MP: 16/23
 16585 | D:11     | Noticed a seven-headed hydra
 16589 | D:11     | Killed a seven-headed hydra
 16590 | D:11     | Reached skill level 5 in Translocations
 16761 | Lair:1   | Entered Level 1 of the Lair of Beasts
 17421 | Lair:1   | Reached skill level 5 in Hexes
 17421 | Lair:1   | Reached skill level 12 in Air Magic
 17580 | Lair:1   | Noticed Fannar
 17593 | Lair:1   | Killed Fannar
 18191 | Lair:2   | Learned a level 3 spell: Mephitic Cloud
 18195 | Lair:2   | Learned a level 3 spell: Ignite Poison
 18217 | Lair:2   | Noticed a death yak
 18232 | Lair:2   | Killed a death yak
 18264 | Lair:2   | Reached skill level 1 in Transmutations
 18297 | Lair:2   | Reached skill level 1 in Poison Magic
 18608 | Lair:2   | Reached XP level 13. HP: 72/72 MP: 3/24
 18710 | Lair:2   | Found a staircase to the Shoals.
 19245 | Lair:2   | Reached skill level 5 in Shields
 19365 | Lair:2   | Reached skill level 13 in Air Magic
 20182 | Lair:2   | Reached skill level 10 in Conjurations
 21398 | Lair:3   | Reached skill level 5 in Transmutations
 21863 | D:9      | Bought a potion of experience for 750 gold pieces
 21863 | D:9      | Reached XP level 14. HP: 84/84 MP: 25/25
 22533 | Lair:4   | Found a hole to the Spider Nest.
 22656 | Lair:4   | Got the Grimoire of Attacks
 23315 | Lair:4   | Reached XP level 15. HP: 89/89 MP: 12/26
 23325 | Lair:4   | Learned a level 6 spell: Starburst
 24083 | Lair:5   | Reached skill level 14 in Air Magic
 24120 | Lair:5   | Reached skill level 5 in Poison Magic
 25088 | Lair:6   | Entered Level 6 of the Lair of Beasts
 25388 | Lair:6   | Upgraded the game from 0.29-a0-315-gaf6dd05e2f to
                  | 0.29-a0-317-gd16b76e6b1
 25609 | Temple   | Entered the Ecumenical Temple
 26050 | Temple   | Fell from the grace of Ignis
 26050 | Temple   | Became a worshipper of Warmaster Okawaru
 26639 | Lair:6   | Found a staircase to the Slime Pits.
 26728 | Lair:6   | Reached * piety under Okawaru
 26913 | Lair:6   | Found a blossoming altar of Fedhas.
 27212 | Lair:6   | Reached ** piety under Okawaru
 27580 | Lair:6   | Reached skill level 15 in Air Magic
 28135 | Lair:6   | Reached *** piety under Okawaru
 28881 | Lair:6   | Reached XP level 16. HP: 85/96 MP: 21/27
 29386 | D:7      | Killed bmj180's ghost
 29849 | D:7      | Learned a level 2 spell: Poisonous Vapours
 29939 | D:9      | Bought a potion of heal wounds for 75 gold pieces
 29939 | D:9      | Bought a potion of heal wounds for 75 gold pieces
 30255 | D:12     | Found a staircase to the Orcish Mines.
 30283 | D:12     | Reached **** piety under Okawaru
 31398 | D:12     | Was forgiven by Ignis
 32050 | D:12     | Reached skill level 16 in Air Magic
 32268 | D:12     | Identified the +11 shortbow "Zoent" {venom, Contam rF+
                  | Will+ Dex+3}
 32538 | D:13     | Reached ***** piety under Okawaru
 32586 | D:13     | Found a gate to the Vaults.
 32989 | D:13     | Identified the +1 buckler "Goep" {rN+} (Okawaru gifted it
                  | to you on level 13 of the Dungeon)
 32989 | D:13     | Received a gift from Okawaru
 33350 | D:13     | Noticed Nessos
 33360 | D:13     | Killed Nessos
 34129 | D:14     | Found a shimmering altar of Xom.
 34134 | D:14     | Reached skill level 1 in Evocations
 34469 | D:15     | Entered Level 15 of the Dungeon
 35118 | D:14     | Found a runed translucent door.
 35467 | D:14     | Slain by a tengu warrior

Illustrated notes

Levels and vault maps discovered:
D:1:      minmay_arrival_four_circles, layout_loops_ring, serial_shops,
          nicolae_shop_temple_entry_statues_fountains,
          ebering_ecumenical_altar_abandoned
D:2:      layout_loops_ring, basic_altar
D:3:      layout_basic, nicolae_overflow_hidden_temple, gup_sewer_entry_bowl,
          uniq_jessica
D:4:      layout_layer_cave, dk_noncrumbling_4, uniq_menkaure, uniq_robin,
          uniq_grinder, uniq_crazy_yiuf_cottage
D:5:      layout_gridville, mainiacjoe_overflow_catwalk,
          mrwooster_statue_mirror, uniq_blork_the_orc
D:6:      layout_loops_cross, mainiacjoe_overflow_tiny_flanked,
          minmay_temple_entry_glass, nicolae_ossuary_entry_monument
D:7:      layout_loops_cross, nzn_ghost_randoct
D:8:      layout_gridville, david_lair_generic, grunt_potential
D:9:      layout_gridville, bloody_makhleb, mainiacjoe_overflow_alcove_2,
          mainiacjoe_overflow_small_starburst, serial_shops, shop, shop_statue,
          nicolae_shop_trees, uniq_maurice
D:10:     layout_roguey, fountainhead, amcnicky_mini_pool_medium
D:11:     layout_irregular_city, uniq_sonja
D:12:     giant_chief_lemuel, layout_small_grid, orc_0_dummy
D:13:     layout_loops_cross, erik_vaults_1, uniq_nessos
D:14:     layout_cross, xom_teletrap_fun, lightli_airlock
D:15:     gammafunk_depths_entry_grave, layout_loops_ring,
          nicolae_kikubaaqudgha_miasma_corner, nicolae_underground_beach
Temple:   eino_temple_water
Lair:1:   layout_big_grid, chequers_serial_rivers_micro_c, serial_bayou_shore_b,
          uniq_fannar
Lair:2:   nzn_winding_woodlands_huge [nzn_winding_woodlands_5x15_pool,
          nzn_winding_woodlands_5x15_jagged,
          nzn_winding_woodlands_5x15_pathside_ponds,
          nzn_winding_woodlands_5x15_sawtooth,
          nzn_winding_woodlands_5x15_concentric,
          nzn_winding_woodlands_5x15_default, nzn_winding_woodlands_5x15_garden,
          nzn_winding_woodlands_5x15_cabin, nzn_winding_woodlands_5x15_zeroes,
          nzn_winding_woodlands_5x15_eye, nzn_winding_woodlands_center_lodge,
          nzn_winding_woodlands_center_triple_pond,
          nzn_winding_woodlands_15x15_thick_spiral], layout_loops_ring,
          elwin_shoals_entry_stream
Lair:3:   layout_gridlike, grunt_megastairs_5, infiniplex_staircase_pool_2,
          serial_bayou_shore_b
Lair:4:   layout_regular_city, dummy_spider_entry, infiniplex_staircase_pool
Lair:5:   layout_cave_pods
Lair:6:   due_jungle_book, layout_regular_city, minmay_slime_entry_jelly_boxes,
          tgw_fedhas, grunt_megastairs_4

Skill      XL: |  1  2  3  4  5  6  7  8  9 10 11 12 13 14 15 16 |
---------------+-------------------------------------------------+-----
Stealth        | 1 |  1.0
Spellcasting   | 2 3 4 5 6 7 |  7.0
Fire Magic     | 4 5 7 8 10 11 12 | 12.8
Armour         | 1 2 3 4 |  4.0
Dodging        | 1 2 4 5 |  5.0
Translocations | 1 2 3 4 6 7 |  7.0
Fighting       | 4 5 8 9 |  9.0
Air Magic      | 1 7 9 11 12 13 15 16 | 16.6
Hexes          | 1 2 4 5 |  5.0
Conjurations   | 4 7 9 10 12 14 | 14.4
Shields        | 1 4 5 |  5.0
Transmutations | 2 5 7 |  7.0
Poison Magic   | 1 4 7 9 |  9.1
Evocations     | 2 |  2.6
Short Blades   | |  3.2

Action                   |  1- 3 |  4- 6 |  7- 9 | 10-12 | 13-15 | 16-18 || total
-------------------------+-------+-------+-------+-------+-------+-------++-------
Melee: Short sword       |    28 |     2 |       |       |       |       ||    30
       Kick              |     6 |     1 |     6 |     1 |    17 |       ||    31
       Dagger            |       |       |     7 |     3 |     1 |       ||    11
       Peck              |       |       |     2 |       |    11 |     1 ||    14
       Staff             |       |       |       |       |    32 |     5 ||    37
Throw: Stone             |     5 |    14 |     6 |       |       |       ||    25
       Dart              |       |       |       |     6 |     6 |     7 ||    19
       Boomerang         |       |       |       |       |     3 |     1 ||     4
 Cast: Scorch            |    23 |    97 |   178 |    34 |    35 |       ||   367
       Airstrike         |       |       |     9 |   207 |   169 |    87 ||   472
       Inner Flame       |       |       |     2 |    96 |    56 |    34 ||   188
       Blink             |       |       |       |     2 |       |       ||     2
       Iskenderun's Myst |       |       |       |     5 |    40 |    46 ||    91
       Mephitic Cloud    |       |       |       |     2 |     8 |     3 ||    13
       Ignite Poison     |       |       |       |     2 |     6 |    38 ||    46
       Starburst         |       |       |       |       |    78 |    28 ||   106
       Poisonous Vapours |       |       |       |       |       |    45 ||    45
Invok: Heroism           |       |       |       |       |       |     2 ||     2
Evoke: Tin of tremorston |       |       |       |     1 |     4 |     2 ||     7
       Wand              |       |       |       |       |     9 |    11 ||    20
  Use: Scroll            |     4 |     4 |     6 |    13 |     7 |     6 ||    40
       Potion            |       |     4 |       |     2 |     1 |     1 ||     8
Armor: Robe              |     6 |     6 |       |       |       |       ||    12
       Leather armour    |       |       |    16 |    19 |    25 |    21 ||    81
Dodge: Dodged            |    13 |    44 |    42 |    66 |    78 |    52 ||   295
Block: Buckler           |       |       |       |     5 |    22 |    25 ||    52

Table legend: (Time is in decaauts)
 A = Elapsed time spent in this place.
 B = Non-inter-level travel time spent in this place.
 C = Inter-level travel time spent in this place.
 D = Time resting spent in this place.
 E = Time spent auto-exploring this place.
 F = Levels seen in this place.
 G = Mean time per level.
                   A        B        C        D        E       F      G
               +--------+--------+--------+--------+--------+-----+--------+
         Total |  33891 |  31947 |   1944 |   4614 |  22677 |  24 | 1412.1 |
       Dungeon |  20615 |  19436 |   1179 |   3276 |  13604 |  15 | 1374.3 |
        Temple |    413 |    383 |     30 |      0 |    370 |   1 |  413.0 |
          Lair |  10924 |  10191 |    733 |   1017 |   7570 |   6 | 1820.7 |
         Sewer |   1479 |   1479 |      0 |    316 |    857 |   1 | 1479.0 |
       Ossuary |    458 |    458 |      0 |      5 |    274 |   1 |  458.0 |
               +--------+--------+--------+--------+--------+-----+--------+

Top non-repeatable levels by time:
     D:8: 3023 daAuts
  Lair:2: 2797 daAuts
  Lair:6: 2754 daAuts
    D:12: 2194 daAuts
     D:7: 1670 daAuts
  Lair:5: 1662 daAuts
    D:13: 1518 daAuts
   Sewer: 1479 daAuts
     D:4: 1439 daAuts
     D:3: 1393 daAuts
    D:11: 1358 daAuts
  Lair:4: 1310 daAuts
     D:5: 1278 daAuts
    D:14: 1231 daAuts
  Lair:3: 1222 daAuts
